 Dungeon Crawl Stone Soup version 0.28.0-53-g5a82cb258f (webtiles) character file.

Game seed: 18111535387316088770

4 raph the Charlatan (level 1, -3/15 HPs)
             Began as a Demonspawn Artificer on July 18, 2022.
             Slain by a phantom (5 damage)
             ... on level 2 of the Dungeon.
             The game lasted 00:00:33 (242 turns).

raph the Charlatan (Demonspawn Artificer)            Turns: 242, Time: 00:00:33

Health: -3/15      AC:  3    Str: 12    XL:     1   Next: 58%
Magic:  1/1        EV: 11    Int: 12    God:
Gold:   11         SH:  0    Dex: 13    Spells: 0/0 levels left

rFire   . . .      SeeInvis .   f - +0 short sword
rCold   . . .      Faith    .   (no shield)
rNeg    . . .      Spirit   .   b - +0 leather armour
rPois   .          Reflect  .   (no helmet)
rElec   .          Harm     .   (no cloak)
rCorr   .          Rampage  .   (no gloves)
Will    .....                   (no boots)
Stlth   +.........              (no amulet)
HPRegen 0.05/turn               (no ring)
MPRegen 0.07/turn               (no ring)

@: no status effects
A: no striking features
a: no special abilities


You were on level 2 of the Dungeon.
You visited 1 branch of the dungeon, and saw 2 of its levels.

You collected 11 gold pieces.

Inventory:

Hand Weapons
 a - a +0 club
 f - a +0 short sword (weapon)
Armour
 b - a +0 leather armour (worn)
Wands
 c - a wand of flame (32) (quivered)
 d - a wand of charming (15)
Potions
 g - a potion of heal wounds {unknown}
Miscellaneous
 e - a piece from Xom's chessboard (13/15)


   Skills:
 + Level 1.1 Fighting
 + Level 1.8 Armour
 + Level 1.0 Dodging
 + Level 1.0 Stealth
 + Level 3.0 Evocations


You couldn't memorise any spells.
You didn't know any spells.
Your spell library was empty.

Dungeon Overview and Level Annotations

Branches:
Dungeon (1/15)

Altars:


Message History

There is an open door here.
Found a robe.
You closely miss the hobgoblin. The hobgoblin closely misses you.
The hobgoblin hits you but does no damage.
You hit the hobgoblin.
You kill the hobgoblin!
No target in view!
No target in view!
No target in view!
No target in view!
g - a fizzy cyan potion You open the door.
There is an open door here.
Found 20 stones.
You see here 20 stones.
You open the door.
There is an open door here.
A frilled lizard comes into view.
Found a wand of flame (17).
The frilled lizard hisses angrily.
You hit the frilled lizard.
You kill the frilled lizard!
No target in view!
No target in view!
No target in view!
c - a wand of flame (32) (gained 17 charges)
You now have 11 gold pieces.
You open the door.
There is an open door here.
A rat and a phantom come into view.
The phantom hits you.
You closely miss the phantom. The phantom hits you.
The phantom blinks!
You blink.
You make a move on Xom's chessboard...
The phantom resists with some effort.
The phantom hits you!
Ouch! That really hurt!
* * * LOW HITPOINT WARNING * * *
You make a move on Xom's chessboard...
The rat seems to grow stronger.
The phantom hits you.
You die...

#######.##
# #8.8# #
##.## #
##.## #8.8#
### ##.##
..# ####
##.## #.#
.... #8.8#
#W##..#
##.##
#@#...###
#'##
#........
#..#
#ยง#...###
##.#
#.##r.#
#.#######.#
#...
#.........#
####
###########


You could see a phantom and a rat (strong).

Vanquished Creatures
  A goblin (D:1)
  A hobgoblin (D:2)
  A frilled lizard (D:2)
  A kobold (D:1)
  A rat (D:1)
5 creatures vanquished.

Notes
Turn   | Place    | Note
-------+----------+-------------------------------------------
     0 | D:1      | raph the Demonspawn Artificer began the quest for the Orb.
     0 | D:1      | Reached XP level 1. HP: 15/15 MP: 1/1
    95 | D:1      | Reached skill level 1 in Dodging
    95 | D:1      | Reached skill level 1 in Stealth
   120 | D:1      | You fall into a shaft and drop 1 floor!
   234 | D:2      | Noticed a phantom
   242 | D:2      | Slain by a phantom

Illustrated notes

Levels and vault maps discovered:
D:1:      heliophobic_arrival_glass_houses, layout_basic,
          dreamdust_ecumenical_altar_hidden_monk_grotto, minmay_circled_x
D:2:      layout_loops_corners, dk_noncrumbling_2,
          nicolae_concentric_dashed_squares_wild, dk_noncrumbling_4

Skill      XL: |  1 |
---------------+----+-----
Dodging        | 1 |  1.0
Stealth        | 1 |  1.0
Fighting       | |  1.1
Armour         | |  1.8
Evocations     | |  3.0

Action                   || total
-------------------------++-------
Melee: Club              ||    10
       Short sword       ||     4
Evoke: Piece from Xom's  ||     2
Armor: Leather armour    ||     4
Dodge: Dodged            ||     7
